 Dungeon Crawl Stone Soup version 0.30.0-15-g856e2d3f33 (webtiles) character file.

Game seed: 510452067946676591

28 SnakkuSnakku7 the Vexing (level 3, 0/30 HPs)
             Began as a Ghoul Hexslinger on May 20, 2023.
             Slain by a goblin
             ... wielding a +0 club
             ... led by Robin
              (4 damage)
             ... on level 1 of the Dungeon.
             The game lasted 00:00:59 (817 turns).

SnakkuSnakku7 the Vexing (Ghoul Hexslinger)          Turns: 817, Time: 00:01:00

Health: 0/30       AC:  2    Str: 15    XL:     3   Next: 14%
Magic:  3/3        EV: 12    Int:  8    God:
Gold:   43         SH:  0    Dex:  9    Spells: 3/4 levels left

rFire   . .          .
                       - Unarmed
rCold   + . .        (no shield)
rNeg    + + +        c - +0 robe
rPois   ∞            (no helmet)
rElec   .            (no cloak)
rCorr   .            (no gloves)
SInv    .            (no boots)
Will    .....        (no amulet)
Stlth   +            (no ring)
HPRegen 0.00/turn    (no ring)
MPRegen 0.08/turn

%: no passive effects
@: attractive, inhibited regen
A: claws 1, cold resistance 1, negative energy resistance 3, inhibited
regeneration, torment resistance 2, devour on kill
a: no special abilities


You were on level 1 of the Dungeon.
You visited 1 branch of the dungeon, and saw 2 of its levels.

You collected 43 gold pieces.

Inventory:

Hand Weapons
 a - a +1 sling
Armour
 c - a +0 robe (worn)
Jewellery
 g - a ring of resist corrosion
Scrolls
 b - a scroll of poison
 e - a scroll of brand weapon {unknown}
 f - 3 scrolls of identify {unknown}
 h - a scroll of fear {unknown}


   Skills:
 + Level 2.4 Fighting
 - Level 1.7 Ranged Weapons
 - Level 1.7 Dodging
 + Level 2.0 Unarmed Combat
 - Level 1.0 Spellcasting
 - Level 2.4 Hexes


You had 3 spell levels left.
You knew the following spells:

 Your Spells              Type           Power      Damage    Failure   Level
a - Slow                  Hex            16%        N/A       16%         1

Your spell library contained the following spells:

 Spells                   Type           Power      Damage    Failure   Level
 Inner Flame              Hex/Fire       2%         N/A       58%         3
 Portal Projectile        Hex/Tloc       4%         N/A       58%         3
 Ozocubu's Armour         Ice            0%         N/A       75%         3
 Cause Fear               Hex            2%         N/A       83%         4
 Metabolic Englaciation   Hex/Ice        1%         N/A       100%        5
 Simulacrum               Ice/Necr       0%         N/A       100%        6


Dungeon Overview and Level Annotations

Branches:
Dungeon (2/15)

Altars:

Annotations:
D:2 Robin


Innate Abilities, Weirdness & Mutations

You are immune to poison.
You have sharp fingernails.
Your flesh is cold resistant. (rC+)
You are immune to negative energy. (rN+++)
You do not regenerate when monsters are visible.
You are immune to unholy pain and torment.
You thrive by killing the living.


Message History

The adder is heavily wounded.
The adder bites you but does no damage. The hobgoblin hits you.
The goblin hits you with a +0 club. The adder bites you but does no damage.
You barely miss the adder.
The adder is heavily wounded.
The goblin barely misses you. The hobgoblin hits you.
The adder closely misses you.
Unknown command.
You scratch the adder.
The adder is severely wounded.
The goblin misses you. The hobgoblin barely misses you.
The adder bites you but does no damage.
Unknown command.
You closely miss the adder.
The adder is severely wounded.
The adder barely misses you. The hobgoblin hits you.
The goblin hits you with a +0 club.
Unknown command.
You are too injured to fight recklessly!
Unknown command.
You are too injured to fight recklessly!
Unknown command.
You are too injured to fight recklessly!
Unknown command.
You are too injured to fight recklessly!
Unknown command.
You are too injured to fight recklessly!
You scratch the adder but do no damage.
The adder is severely wounded.
The adder bites you.
* * * LOW HITPOINT WARNING * * *
The hobgoblin hits you.
* * * LOW HITPOINT WARNING * * *
The goblin hits you with a +0 club.
* * * LOW HITPOINT WARNING * * *
The adder closely misses you.
It was a potion of attraction.
You feel attractive to monsters. The goblin hits you with a +0 club.
You die...

............#.....##### #.##
#....#................########.#
#####....................#..8#.#
####.#.....................#
#####.......####..#[.8#.##
##8.8#### ########.†.
#####.##################
##...#.S.g...............
#.......@......##########
#....###g##....##........ #...(#
#.#####..#.#######
#.######.#####..#.# ### #.#
#......#..#)#####.. #.#
#......#...÷....... #.#
#......#.########.. #.#
##.#####.# ### #.# #.# #.#


You could see an adder, a hobgoblin and a goblin.

Vanquished Creatures
  2 bats (D:1)
  2 endoplasms (D:1)
  A giant cockroach (D:1)
  3 goblins (D:1)
  3 hobgoblins (D:1)
  4 jackals (D:1)
  A quokka (D:1)
  3 ball pythons (D:1)
  A kobold (D:1)
  3 rats (D:1)
23 creatures vanquished.

Notes
Turn   | Place    | Note
-------+----------+-------------------------------------------
     0 | D:1      | SnakkuSnakku7 the Ghoul Hexslinger began the quest for the
                  | Orb.
     0 | D:1      | Reached XP level 1. HP: 16/16 MP: 1/1
    83 | D:1      | Reached skill level 1 in Unarmed Combat
    92 | D:1      | Reached XP level 2. HP: 16/24 MP: 2/2
   325 | D:1      | Reached XP level 3. HP: 10/29 MP: 3/3
   807 | D:2      | Noticed Robin
   817 | D:1      | Slain by a goblin

Illustrated notes

Levels and vault maps discovered:
D:1:      eino_arrival_cavern_e, layout_basic
D:2:      layout_basic, hellmonk_ecumenical_altar_crossroads,
          kennysheep_small_spiral, uniq_robin, uniq_jessica

Skill      XL: |  1  2  3 |
---------------+----------+-----
Unarmed Combat | 1 2 |  2.0
Fighting       | 2 |  2.4
Ranged Weapons | |  1.7
Dodging        | |  1.7
Spellcasting   | |  1.0
Hexes          | |  2.4

Action                     || total
---------------------------++-------
  Melee: Unarmed           ||    55
   Fire: Sling             ||    39
    Use: Potion            ||     1
 Armour: Robe              ||    24
  Dodge: Dodged            ||    77
